 Dungeon Crawl Stone Soup version 0.19.5 (webtiles) character file.

245 Peloso the Covered (level 5, 0/47 HPs)
             Began as a Minotaur Fighter on Apr 15, 2017.
             Was an Initiate of Okawaru.
             Succumbed to an orc priest's poison
             ... on level 2 of the Dungeon.
             The game lasted 00:07:13 (2275 turns).

Peloso the Covered (Minotaur Fighter)               Turns: 2275, Time: 00:07:13

Health: 0/47       AC:  9    Str: 23    XL:     5   Next: 84%
Magic:  4/4        EV: 11    Int:  5    God:    Okawaru [......]
Gold:   170        SH: 10    Dex: 16    Spells: 0 memorised, 4 levels left

rFire  . . .     SeeInvis .     a - +0 long sword
rCold  . . .     Gourm    .     p - +0 chain mail
rNeg   . . .     Faith    .     c - +0 shield
rPois  .         Spirit   .     (helmet restricted)
rElec  .         Reflect  .     (no cloak)
rCorr  .         Harm     +     (no gloves)
MR     .....                    (no boots)
Stlth  ..........               o - amulet of harm
                                (no ring)
                                l - -2 ring of strength (curse)

@: mighty, agile, lethally poisoned (0 -> -1), drained
A: retaliatory headbutt, horns 2
a: Renounce Religion


You were on level 2 of the Dungeon.
You worshipped Okawaru.
Okawaru was noncommittal.
You were not hungry.

You visited 1 branch of the dungeon, and saw 4 of its levels.

You collected 170 gold pieces.

Inventory:

Hand Weapons
 a - a +0 long sword (weapon)
Armour
 c - a +0 shield (worn)
 p - a +0 chain mail (worn)
Jewellery
 l - a cursed -2 ring of strength (left hand)
 o - an amulet of harm (around neck)
Scrolls
 g - a scroll of identify
 i - a scroll of remove curse {unknown}
 j - a scroll of enchant weapon {unknown}
 m - a scroll of magic mapping {unknown}
Potions
 d - a potion of might
 e - a potion of invisibility
Comestibles
 b - 5 fruits
 f - a bread ration
 k - a slice of pizza
 n - 3 chunks of flesh


   Skills:
 + Level 4.6(4.4) Fighting
 + Level 4.2(4.0) Long Blades
 + Level 5.1(5.0) Armour
 + Level 1.0(0.9) Dodging
 + Level 0.3(0.1) Stealth
 + Level 5.0(4.8) Shields


You had 4 spell levels left.
You didn't know any spells.

Dungeon Overview and Level Annotations

Branches:
Dungeon (4/15)
 Temple: D:4-7

Altars:
Okawaru
Ru
Xom


Innate Abilities, Weirdness & Mutations

You reflexively headbutt those who attack you in melee.
You have a pair of horns on your head.


Message History

The kobold shouts!
An orc comes into view. It is wielding a flail.
* * * LOW HITPOINT WARNING * * *
You feel sick.
* * * LOW HITPOINT WARNING * * *
You feel sick.
* * * LOW HITPOINT WARNING * * *
You feel sick.
Found an escape hatch in the ceiling.
* * * LOW HITPOINT WARNING * * *
You feel sick.
Found a scroll of blinking.
* * * LOW HITPOINT WARNING * * *
You feel sick.
There is an escape hatch in the ceiling here.
A mysterious force pulls you upwards. The hatch slams shut behind you.
* * * LOW HITPOINT WARNING * * *
You feel sick.
You feel very mighty all of a sudden.
You die...

...#..#..#.#.#.##.#.# #..#
......#....#.#....#.# #.)#
......#.####....<.#.# #..#
......#......#......# #..#
#.....###..#.#.########..#
#........................#
#...#.#####.#.......###.###
#...#.............#.#.....#
#...#######....#@.#.#.#..##
#...............<.#.#.#..#
....##########.#......#..#
#.######### #.#.##.###..#
#...).....# #.#....# #..#
#.....(((.# #.#.#### #..#
#.........####.#.######..#
...........†...#.....##..#
.###################.##..#


There were no monsters in sight!

Vanquished Creatures
  An orc priest (D:3)
  A hound (D:3)
  A bullfrog skeleton (D:4)
  An orc wizard (D:3)
  5 adders
  3 oozes
  2 worms
  4 dart slugs
  2 leopard geckos
  5 orcs (D:3)
  4 giant cockroaches
  4 hobgoblins
  2 jackals
  A ball python (D:3)
  9 bats
  3 frilled lizards
  6 goblins
  6 kobolds
  4 rats
64 creatures vanquished.

Notes
Turn   | Place    | Note
-------+----------+-------------------------------------------
     0 | D:1      | Peloso the Minotaur Fighter began the quest for the Orb.
     0 | D:1      | Reached XP level 1. HP: 19/19 MP: 0/0
   136 | D:1      | Reached XP level 2. HP: 18/27 MP: 1/1
   580 | D:2      | Reached XP level 3. HP: 27/33 MP: 2/2
   978 | D:2      | You fall through a shaft for 2 floors!
  1043 | D:4      | Reached XP level 4. HP: 36/40 MP: 3/3
  1151 | D:3      | Reached skill level 1 in Dodging
  1501 | D:4      | Found a faded altar of an unknown god.
  1501 | D:4      | Found an iron altar of Okawaru.
  1512 | D:4      | Found a faded altar of an unknown god.
  1514 | D:4      | Became a worshipper of Warmaster Okawaru
  1834 | D:2      | Found a shimmering altar of Xom.
  1840 | D:2      | Reached XP level 5. HP: 41/46 MP: 4/4
  1955 | D:2      | Reached skill level 5 in Armour
  2153 | D:3      | Found a sacrificial altar of Ru.
  2247 | D:3      | Reached skill level 5 in Shields
  2266 | D:3      | HP: 2/47 [poisoned by an orc priest]
  2271 | D:2      | HP: 1/47 [poisoned by an orc priest]
  2275 | D:2      | Succumbed to an orc priest's poison

Skill      XL: |  1  2  3  4  5 |
---------------+----------------+-----
Shields        | 4 5 |  5.0
Fighting       | 4 |  4.6
Armour         | 4 5 |  5.1
Long Blades    | 3 4 |  4.2
Dodging        | 1 |  1.0
Stealth        | |  0.3

Action                   |  1- 3 |  4- 6 || total
-------------------------+-------+-------++-------
Melee: Long sword        |    94 |    71 ||   165
       Headbutt          |    12 |    11 ||    23
  Use: Scroll            |     6 |       ||     6
       Potion            |       |     2 ||     2
  Eat: Chunk             |       |     5 ||     5
Armor: Scale mail        |    59 |    20 ||    79
       Chain mail        |       |    16 ||    16
Dodge: Dodged            |    26 |    21 ||    47
Block: Shield            |    48 |    36 ||    84
       Rpst.: Long sword |     3 |     4 ||     7
